 Dungeon Crawl Stone Soup version 0.31-a0-1626-g5cb510d322 (webtiles) character file.

Game seed: 423150093543039878

2375 wildpjah the Spear-Bearer (level 9, -5/69 HPs)
             Began as a Merfolk Gladiator on Jan 13, 2024.
             Was an Elder of Qazlal.
             Killed from afar by an electric eel (13 damage)
             ... with a bolt of electricity
             ... on level 6 of the Dungeon.
             The game lasted 00:11:57 (4968 turns).

wildpjah the Spear-Bearer (Merfolk Gladiator)       Turns: 4968, Time: 00:11:57

Health: -5/69      AC:  9    Str: 19    XL:     9   Next: 45%
Magic:  12/12      EV: 14    Int:  7    God:    Qazlal [****..]
Gold:   52         SH: 10    Dex: 15    Spells: 8/8 levels left

rFire   . . .        A - +3 trident (freeze)
rCold   . . .        (no shield)
rNeg    . . .        g - +0 ring mail
rPois   .            c - +0 helmet
rElec   .            (no cloak)
rCorr   .            k - +0 pair of gloves
SInv    .            p - +0 pair of boots
Will    .....        q - amulet of reflection
Stlth   +            (no ring)
HPRegen 0.31/turn    (no ring)
MPRegen 0.13/turn

%: repel missiles, reflection
@: no status effects
A: (nimble swimmer 2), mertail
a: Renounce Religion, Upheaval, Elemental Force


You were on level 6 of the Dungeon.
You worshipped Qazlal.
Qazlal was greatly pleased with you.
You visited 1 branch of the dungeon, and saw 6 of its levels.
You also visited: Ossuary.

You collected 402 gold pieces.
You spent 350 gold pieces at shops.

Inventory:

Hand Weapons
 a - a +0 long sword
 t - a +0 falchion
 z - a +1 short sword of holy wrath
 A - a +3 trident of freezing (weapon)
Missiles
 d - 3 throwing nets
 B - 17 boomerangs
Armour
 b - a +0 leather armour
 c - a +0 helmet (worn)
 g - a +0 ring mail (worn)
 k - a +0 pair of gloves (worn)
 p - a +0 pair of boots (worn)
Jewellery
 q - an amulet of reflection (around neck)
Wands
 n - a wand of acid (6)
 v - a wand of flame (28)
Scrolls
 f - 2 scrolls of identify
 h - 2 scrolls of blinking
 s - a scroll of amnesia {unknown}
 x - 2 scrolls of teleportation
Potions
 e - 2 potions of resistance {unknown}
 i - 3 potions of degeneration {unknown}
 j - 2 potions of enlightenment
 l - a potion of ambrosia
 m - a potion of heal wounds
 o - 2 potions of haste
 r - a potion of attraction {unknown}
 u - 2 potions of curing


   Skills:
 + Level 5.7 Fighting
 - Level 3.8 Long Blades
 * Level 9.8 Polearms
 + Level 2.2 Throwing
 + Level 3.7 Armour
 + Level 6.9 Dodging
 + Level 0.4 Stealth
 + Level 2.2 Shields
 * Level 4.1 Invocations
 + Level 0.1 Shapeshifting


You had 8 spell levels left.
You didn't know any spells.
Your spell library contained the following spells:

 Spells                   Type           Power      Damage    Failure   Level
 Mercury Vapours          Alch/Air       0%         N/A       75%         2
 Dazzling Flash           Conj/Hex       0%         N/A       93%         3
 Mephitic Cloud           Conj/Alch/Air  0%         N/A       93%         3
 Volatile Blastmotes      Fire/Tloc      0%         2d10      93%         3
 Cause Fear               Hex            0%         N/A       100%        4
 Olgreb's Toxic Radiance  Alch           0%         N/A       100%        4
 Fireball                 Conj/Fire      0%         3d3       100%        5
 Freezing Cloud           Conj/Ice/Air   0%         6-21      100%        5
 Starburst                Conj/Fire      0%         6d3       100%        6
 Ozocubu's Refrigeration  Ice            0%         4d7       100%        7
 Discord                  Hex            0%         N/A       100%        8
 Maxwell's Capacitive Co  Air            0%         ∞         100%        8
 Dragon's Call            Summ           0%         N/A       100%        9


Dungeon Overview and Level Annotations

Branches:
Dungeon (6/15)             Temple (0/1) D:4         Ossuary (visited)

Altars:
Cheibriados
Elyvilon
Qazlal
Yredelemnul

Shops:
D:1 (   D:3 (


Innate Abilities, Weirdness & Mutations

((You are very nimble when in or above water. (Stealth+, EV+, Speed+++)))
Your lower body shifts to a powerful aquatic tail in water.


Message History

You barely miss the hound.
The hound is severely wounded.
The hound bites you but does no damage.
You puncture the hound! You freeze the hound.
You kill the hound!
Qazlal accepts your kill.
You start resting.
HP restored.
The electric eel shoots out a bolt of lightning at you!
The bolt of electricity misses you.
The bolt of electricity is repelled.
You reach to attack!
You barely miss the electric eel.
The electric eel shoots out a bolt of lightning at you!
The bolt of electricity hits you! The bolt of electricity hits you.
The electric eel shoots out a bolt of lightning at you!
The bolt of electricity is repelled.
The electric eel shoots out a bolt of lightning at you!
The bolt of electricity misses you. The bolt of electricity hits you!
You hit the electric eel. You freeze the electric eel.
The electric eel is lightly wounded.
The electric eel shoots out a bolt of lightning at you!
The bolt of electricity hits you! The bolt of electricity misses you.
The electric eel is engulfed in freezing vapours.
The electric eel seems to slow down.
The electric eel shoots out a bolt of lightning at you!
The bolt of electricity hits you! The bolt of electricity misses you.
The bolt of electricity hits the electric eel.
The electric eel completely resists.
You puncture the electric eel! You freeze the electric eel.
You kill the electric eel!
Qazlal accepts your kill.
You hear a splash.
The electric eel shoots out a bolt of lightning at you!
The bolt of electricity hits you!
* * * LOW HITPOINT WARNING * * *
The bolt of electricity hits you!
* * * LOW HITPOINT WARNING * * *
Your Shields skill increases to level 2!
The electric eel shoots out a bolt of lightning at you!
The bolt of electricity hits you!
You die...

..... #...## #[# #...)....
.... ###..# #.###.....[..
### #####.## #.##....#.###
#......###.##.####....
#........#.##.# ####.
####..)...#.#.##.# #.
##.......†.#...##.# #.
#......).°≈≈≈≈≈≈≈.#### #.
#.#######@....[.≈.[..####.
# #....§.######.≈))..#....
#.≈≈○S○.....#.≈.#.<#.###
#.≈....○≈≈≈.#.≈......#
#.≈.###...≈.#.≈##.#...#
#.≈. ##.≈.#.≈##..#..# #.≈
.≈.#.≈..#...... #.≈
.#?≈...##...(. #.≈ .#.≈.#.
...>.


You could see an electric eel.

Vanquished Creatures
  Pikel (D:4)
  A water moccasin (D:5)
  An ice beast (D:6)
  4 ogres
  2 lemures (D:4)
  A kobold brigand (D:5)
  A weeping skull (Ossuary)
  A bullfrog (D:5)
  3 water moccasin zombies (Ossuary)
  A scorpion (D:5)
  An electric eel (D:6)
  2 bombardier beetles
  A gnoll bouda (D:4)
  4 hounds
  An orc priest (D:6)
  A jelly (D:6)
  3 sleepcaps
  Jessica (D:3)
  Natasha (thrice) (D:4)
  3 iguanas
  2 crocodile zombies (Ossuary)
  A bullfrog simulacrum (Ossuary)
  2 mummies (Ossuary)
  Robin (D:2)
  12 gnolls
  9 adders
  2 adder zombies (Ossuary)
  A ribbon worm (D:4)
  8 orcs
  8 bats
  7 endoplasms
  4 giant cockroaches
  11 gnoll zombies (Ossuary)
  13 goblins
  7 hobgoblins
  A quokka (D:1)
  3 ball pythons
  4 frilled lizards
  2 jackal zombies (Ossuary)
  11 kobolds
  2 orc zombies (Ossuary)
  4 rats
151 creatures vanquished.

Notes
Turn   | Place    | Note
-------+----------+-------------------------------------------
     0 | D:1      | wildpjah the Merfolk Gladiator began the quest for the Orb.
     0 | D:1      | Reached XP level 1. HP: 16/16 MP: 1/1
   123 | D:1      | Found Welaupyi's Antique Weapon Boutique.
   139 | D:1      | Found a faded altar of an unknown god.
   154 | D:1      | Prayed at the altar of an unknown god.
   154 | D:1      | Became a worshipper of Qazlal Stormbringer
   154 | D:1      | Reached * piety under Qazlal
   190 | D:1      | Reached skill level 1 in Polearms
   200 | D:1      | Reached XP level 2. HP: 17/22 MP: 2/2
   686 | D:2      | Noticed Robin
   696 | D:2      | Reached XP level 3. HP: 24/27 MP: 3/3
   699 | D:2      | Reached skill level 2 in Polearms
   838 | D:2      | Killed Robin
   839 | D:2      | Reached XP level 4. HP: 32/34 MP: 4/4
  1287 | D:3      | Found a snail-covered altar of Cheibriados.
  1330 | D:3      | Found a basalt altar of Yredelemnul.
  1348 | D:3      | Reached ** piety under Qazlal
  1372 | D:3      | Reached skill level 5 in Dodging
  1377 | D:3      | You fall into a shaft and drop 3 floors!
  1392 | D:6      | Reached skill level 3 in Polearms
  1392 | D:6      | Reached XP level 5. HP: 35/41 MP: 5/5
  1486 | D:6      | Reached skill level 4 in Polearms
  1486 | D:6      | Reached skill level 1 in Armour
  1487 | D:6      | Identified the +1 leather armour "Lastreem" {Harm rPois
                  | Str-3 Dex+4}
  1501 | D:6      | Reached XP level 6. HP: 11/47 MP: 6/6
  1586 | D:6      | Noticed an ice beast
  1597 | D:5      | Entered Level 5 of the Dungeon
  1896 | D:5      | Reached XP level 7. HP: 48/54 MP: 7/7
  1943 | D:5      | Reached skill level 5 in Polearms
  2107 | D:4      | Found a sand-covered staircase.
  2112 | D:4      | Reached skill level 1 in Shields
  2145 | D:4      | Reached skill level 1 in Invocations
  2168 | Ossuary  | Entered an ossuary
  2317 | Ossuary  | Reached *** piety under Qazlal
  2369 | Ossuary  | Reached XP level 8. HP: 24/61 MP: 9/9
  2875 | D:1      | Bought a runed trident for 182 gold pieces
  2937 | D:3      | Identified the +8 flail "Wigrul" {flame, rCorr}
  3064 | D:3      | Found Syitz's Weapon Boutique.
  3120 | D:3      | Noticed Jessica
  3124 | D:3      | Killed Jessica
  3506 | D:4      | Noticed Natasha
  3513 | D:4      | Killed Natasha
  3564 | D:4      | Noticed Pikel
  3575 | D:4      | Killed Pikel
  3576 | D:4      | Reached skill level 5 in Fighting
  3576 | D:4      | Reached skill level 7 in Polearms
  3576 | D:4      | Noticed Natasha
  3582 | D:4      | Killed Natasha
  3628 | D:4      | Noticed Natasha
  3641 | D:4      | Killed Natasha
  3824 | D:4      | Reached skill level 8 in Polearms
  3856 | D:4      | Reached XP level 9. HP: 51/68 MP: 11/11
  3859 | D:4      | Reached **** piety under Qazlal
  3984 | D:4      | Found a staircase to the Ecumenical Temple.
  4218 | D:5      | Reached skill level 9 in Polearms
  4274 | D:1      | Bought a runed spear for 168 gold pieces
  4551 | D:5      | Found a white marble altar of Elyvilon.
  4968 | D:6      | Killed from afar by an electric eel

Illustrated notes

Levels and vault maps discovered:
D:1:      ncdulo_lavacross, layout_loops_ring,
          ebering_ecumenical_altar_abandoned, serial_shops, shop,
          kennysheep_flooded_box
D:2:      layout_rooms, uniq_robin
D:3:      layout_loops_ring, mainiacjoe_overflow_alcove_2,
          overflow_temple_1_default, serial_shops, shop, supply_closet_lemuel,
          chequers_big_river, uniq_jessica
D:4:      layout_cave_pools, minmay_temple_entry_drinking_statues,
          nicolae_ossuary_entry_false_entrances, serial_bayou_lagoon_a,
          nicolae_zig_zag_zippers, uniq_natasha, uniq_pikel
D:5:      minmay_evil_eye, layout_cave_pools, mainiacjoe_overflow_cross_hatched
D:6:      layout_basic, nicolae_overflow_squiral, kb_xom_exploding_sheep

Skill      XL: |  1  2  3  4  5  6  7  8  9 |
---------------+----------------------------+-----
Polearms       | 1 2 3 4 5 8 9 |  9.8
Fighting       | 3 4 5 |  5.7
Dodging        | 5 6 |  6.9
Armour         | 1 2 3 |  3.7
Shields        | 1 2 |  2.2
Invocations    | 1 3 4 |  4.1
Long Blades    | |  3.8
Throwing       | |  2.2
Stealth        | |  0.4
Shapeshifting  | |  0.1

Action                     |  1- 3 |  4- 6 |  7- 9 || total
---------------------------+-------+-------+-------++-------
  Melee: Long sword        |    60 |   121 |   208 ||   389
         Punch             |     1 |     1 |     9 ||    11
         Tailslap          |       |     3 |       ||     3
         Trident           |       |       |   172 ||   172
  Throw: Javelin           |       |     1 |       ||     1
 Invoke: Upheaval          |       |       |     1 ||     1
    Use: Scroll            |       |       |    13 ||    13
         Potion            |       |       |     1 ||     1
 Armour: Ring mail         |    55 |    75 |   180 ||   310
  Dodge: Dodged            |    54 |    96 |   190 ||   340
         Repelled          |       |       |     3 ||     3
  Block: Other             |     9 |     8 |    83 ||   100
         Reflection        |       |       |     1 ||     1
         Form:             |       |       |     1 ||     1
         Beast             |       |       |     1 ||     1

Table legend: (Time is in decaauts)
 A = Elapsed time spent in this place.
 B = Non-inter-level travel time spent in this place.
 C = Inter-level travel time spent in this place.
 D = Time resting spent in this place.
 E = Time spent auto-exploring this place.
 F = Levels seen in this place.
 G = Mean time per level.
                   A        B        C        D        E       F      G
               +--------+--------+--------+--------+--------+-----+--------+
         Total |   5024 |   4695 |    329 |    438 |   3005 |   7 |  717.7 |
       Dungeon |   4447 |   4118 |    329 |    369 |   2702 |   6 |  741.2 |
       Ossuary |    576 |    576 |      0 |     69 |    303 |   1 |  576.0 |
               +--------+--------+--------+--------+--------+-----+--------+

Top non-repeatable levels by time:
     D:4: 926 daAuts
     D:1: 859 daAuts
     D:3: 844 daAuts
     D:5: 837 daAuts
 Ossuary: 576 daAuts
     D:2: 509 daAuts
     D:6: 469 daAuts
